 Dungeon Crawl Stone Soup version 0.16-a0-4024-g0ecf4ac (webtiles) character file.

52 timbw the Slasher (level 3, -9/28 HPs)
             Began as a Vampire Fighter on Feb 18, 2015.
             Mangled by a two-headed ogre
             ... wielding a cursed -2 giant spiked club
              (13 damage)
             ... on level 4 of the Dungeon.
             The game lasted 00:02:13 (514 turns).

timbw the Slasher (Vampire Fighter)                  Turns: 514, Time: 00:02:14

Health: -9/28      AC:  6    Str: 20    XL:     3   Next: 60%
Magic:  3/3        EV:  7    Int: 10    God:
Gold:   56         SH:  9    Dex: 14    Spells: 0 memorised, 2 levels left

rFire  . . .     SeeInvis +     a - +0 long sword
rCold  . . .     Clarity  .     b - +0 scale mail
rNeg   . . .     SustAb   .     c - +0 shield
rPois  .         Gourm    .     (no helmet)
rElec  .         Spirit   .     (no cloak)
rCorr  .         Warding  .     (no gloves)
rMut   .         Stasis   .     (no boots)
MR     .....                    (no amulet)
Stlth  ..........               (no ring)
                                (no ring)

@: mighty, regenerating quickly, not resistant to hostile enchantments,
extremely unstealthy
A: bottle blood, fangs 3, see invisible, unbreathing
a: no special abilities


You were on level 4 of the Dungeon.
You were very full.

You visited 1 branch of the dungeon, and saw 4 of its levels.

You collected 56 gold pieces.

Inventory:

Hand weapons
 a - a +0 long sword (weapon)
Armour
 b - a +0 scale mail (worn)
 c - a +0 shield (worn)
Magical devices
 m - a wand of flame (5)
Scrolls
 d - 2 scrolls of remove curse {unknown}
 f - a scroll of immolation {unknown}
 g - 3 scrolls of random uselessness {unknown}
 h - a scroll of noise {unknown}
 k - a scroll of enchant armour {unknown}
 l - 2 scrolls of teleportation {unknown}
Potions
 i - 2 potions of poison {unknown}
 j - 2 potions of haste {unknown}


   Skills:
 - Level 2.6 Fighting
 + Level 4.0 Long Blades
 - Level 2.4 Armour
 - Level 2.6 Shields


You had 2 spell levels left.
You didn't know any spells.

Dungeon Overview and Level Annotations

Branches:
Dungeon (4/15)
 Temple: D:4-7

Altars:
Dithmenos
Kikubaaqudgha
Qazlal
Sif Muna


Innate Abilities, Weirdness & Mutations

Your natural rate of healing is unusually fast.
You can bottle blood from corpses.
You have razor-sharp teeth.
You have supernaturally acute eyesight.
You can survive without breathing.


Message History

The two-headed ogre is moderately wounded.
Evoking this partially-identified wand wasted a few charges.
Evoke which item? (* to show all) (? for menu, Esc to quit)
Zapping:
m - a wand of flame {zapped: 5} (will waste charges)
Press: ? - help, Shift-Dir - straight line, f/p - two-headed ogre
Aim: a two-headed ogre, wielding a giant spiked club and a giant club (moderately wounded)
The puff of flame hits the two-headed ogre.
The two-headed ogre is heavily wounded.
Evoking this partially-identified wand wasted a few charges.
Sorry, you're too full to transform right now.
Sorry, you're too full to transform right now.
Drink which item? (? for menu, Esc to quit)
You feel very mighty all of a sudden.
You barely miss the two-headed ogre.
The two-headed ogre is heavily wounded.
The two-headed ogre hits you with a giant spiked club!!
Ouch! That really hurt!
* * * LOW HITPOINT WARNING * * *
The two-headed ogre hits you with a giant club!
You die...

### ####.# #<...#
####.#### #....# ########
#######.########......###
...............'@........
.######......###O.....###
######.# #......# ..#
#......# .### #......# ..
.......# .. #...... .
..#### #.#


You could see a two-headed ogre.

Vanquished Creatures
  An orc wizard (D:2)
  An adder (D:2)
  An orc (D:2)
  2 bats
  3 goblins
  3 hobgoblins
  2 jackals (D:2)
  3 kobolds (D:2)
16 creatures vanquished.

Notes
Turn   | Place    | Note
--------------------------------------------------------------
     0 | D:1      | timbw, the Vampire Fighter, began the quest for the Orb.
     0 | D:1      | Reached XP level 1. HP: 17/17 MP: 1/1
   123 | D:2      | Reached XP level 2. HP: 23/23 MP: 2/2
   135 | D:2      | Found a deep blue altar of Sif Muna.
   176 | D:2      | Reached skill level 3 in Long Blades
   388 | D:2      | Reached skill level 4 in Long Blades
   388 | D:2      | Reached XP level 3. HP: 28/28 MP: 3/3
   477 | D:3      | Found an ancient bone altar of Kikubaaqudgha.
   477 | D:3      | Found a stormy altar of Qazlal.
   478 | D:3      | Found a shadowy altar of Dithmenos.
   508 | D:4      | Noticed a two-headed ogre
   514 | D:4      | Mangled by a two-headed ogre

Action                   || total
-------------------------++-------
Melee: Long sword        ||    67
Evoke: Wand              ||     3
  Use: Potion            ||     2
  Eat: Corpse            ||     6
